 Dungeon Crawl Stone Soup version 0.28.0-43-g3370ac3207 (webtiles) character file.

Game seed: 11628607301834504976

499 pkoi the Gusty (level 6, -6/45 HPs)
             Began as a Draconian Air Elementalist on Mar 2, 2022.
             Mangled by a two-headed ogre
             ... wielding a +0 giant club
              (22 damage)
             ... on level 5 of the Dungeon on Mar 3, 2022.
             The game lasted 00:08:29 (4989 turns).

pkoi the Gusty (Draconian Air Elementalist)         Turns: 4989, Time: 00:08:31

Health: -6/45      AC:  8    Str: 10    XL:     6   Next: 94%
Magic:  5/10       EV: 12    Int: 18    God:
Gold:   142        SH:  0    Dex: 11    Spells: 3/11 levels left

rFire   . . .      SeeInvis .   s - +6 flail "Dikasa Lesch" {spect, Will++}
rCold   . . .      Faith    .   (no shield)
rNeg    . . .      Spirit   .   (armour unavailable)
rPois   .          Reflect  .   (helmet restricted)
rElec   .          Harm     .   (no cloak)
rCorr   .          Rampage  .   r - +1 pair of gloves
Will    ++...                   (no boots)
Stlth   ++........              (no amulet)
HPRegen 0.15/turn               (no ring)
MPRegen 0.12/turn               (no ring)

@: no status effects
A: AC +6, unfitting armour, cold-blooded
a: no special abilities


You were on level 5 of the Dungeon.
You visited 1 branch of the dungeon, and saw 5 of its levels.

You collected 142 gold pieces.

Inventory:

Hand Weapons
 o - a +1 short sword
 s - the +6 flail "Dikasa Lesch" (weapon) {spect, Will++}
   (You found it on level 3 of the Dungeon)

   When its wielder attacks, the weapon's spirit leaps out and strikes again.
   The spirit shares a part of any damage it takes with its wielder.
   Will:      It greatly increases your willpower.
Missiles
 g - 2 boomerangs of dispersal
 u - 3 curare-tipped darts
Armour
 r - a +1 pair of gloves (worn)
Magical Staves
 b - a staff of conjuration
Jewellery
 f - a ring of wizardry
 h - a ring of protection from fire
Wands
 m - a wand of iceblast (7)
 p - a wand of digging (5)
Scrolls
 i - a scroll of acquirement
 k - 2 scrolls of blinking
 l - a scroll of identify
 q - a scroll of teleportation
Potions
 a - a potion of lignification {unknown}
 c - 2 potions of attraction {unknown}
 d - a potion of invisibility {unknown}
 e - 5 potions of curing {unknown}
 j - a potion of might
 n - 2 potions of heal wounds {unknown}
 t - a potion of berserk rage {unknown}


   Skills:
 - Level 2.0 Staves
 + Level 2.7 Dodging
 - Level 1.7 Stealth
 - Level 3.0 Spellcasting
 * Level 3.9 Conjurations
 * Level 4.8 Air Magic
 + Level 2.1 Evocations


You had 3 spell levels left.
You knew the following spells:

 Your Spells              Type           Power      Damage    Failure   Level
a - Shock                 Conj/Air       72%        1d7       2%          1
b - Swiftness             Air            20%        N/A       7%          3
c - Airstrike             Air            10%        N/A       22%         4

Your spell library contained the following spells:

 Spells                   Type           Power      Damage    Failure   Level
 Static Discharge         Conj/Air       18%        N/A       4%          2
 Fireball                 Conj/Fire      4%         3d4       90%         5
 Starburst                Conj/Fire      4%         6d4       100%        6
 Ignition                 Fire           1%         3d3       100%        8


Dungeon Overview and Level Annotations

Branches:
Dungeon (5/15)
 Temple: D:4-7

Altars:

Shops:
D:1 *   D:4 ?

Annotations:
D:3 Terence


Innate Abilities, Weirdness & Mutations

Your plain brown scales are hard. (AC +6)
You cannot fit into any form of body armour.
You are cold-blooded and may be slowed by cold attacks.


Message History

A two-headed ogre comes into view. It is wielding two +0 giant clubs.
The two-headed ogre shouts in stereo!
There is an open door here.
A two-headed ogre is nearby!
A two-headed ogre is nearby!
Okay, then.
Okay, then.
The zap hits the two-headed ogre.
The two-headed ogre is lightly wounded.
There is an open door here.
There is an open door here.
You see here a necrophage corpse.
The zap hits the two-headed ogre.
The two-headed ogre is lightly wounded.
The zap hits the two-headed ogre.
The two-headed ogre is moderately wounded.
You can't see any susceptible monsters within range! (Use Z to cast anyway.)
You can't see any susceptible monsters within range! (Use Z to cast anyway.)
There is a stone staircase leading down here.
The zap hits the two-headed ogre.
The two-headed ogre is lightly wounded.
The zap hits the two-headed ogre.
The two-headed ogre is lightly wounded.
The zap hits the two-headed ogre.
The two-headed ogre is moderately wounded.
Aiming: Shock (safe; 2% risk of failure)
Press: ? - help, Q - select action, (/) - cycle Shift-Dir - straight line, p - two-headed ogre The zap hits the two-headed ogre.
The two-headed ogre is moderately wounded.
The zap hits the two-headed ogre.
The two-headed ogre is moderately wounded.
The two-headed ogre hits you with a +0 giant club! x2
* * * LOW HITPOINT WARNING * * *
You sock the two-headed ogre! Your punch misses the two-headed ogre.
The two-headed ogre is heavily wounded.
Your +6 flail "Dikasa Lesch" {spect, Will++} hits the two-headed ogre.
The two-headed ogre hits you with a +0 giant club!
* * * LOW HITPOINT WARNING * * *
The two-headed ogre hits you with a +0 giant club!!
You die...

#...........).#+###....
.......#†###...........
.......#...#...........
.......#...#...........
.......#>..#...........
.......#...#...........
^...####...#########+##
....#..O....# #.@(....#
#.......# #.......#
#.<.....# #....####
######


You could see a two-headed ogre and a friendly +6 flail "Dikasa Lesch" {spect,
Will++} (summoned).

Vanquished Creatures
  2 necrophages
  2 hounds
  2 orc priests
  A bullfrog skeleton (D:4)
  2 orc wizards
  5 adders
  3 worms
  2 dart slugs
  6 orcs
  5 bats
  7 endoplasms
  A giant cockroach (D:2)
  5 goblins
  2 hobgoblins (D:2)
  2 jackals (D:1)
  4 quokkas
  12 ball pythons
  3 frilled lizards
  5 kobolds
  5 rats
76 creatures vanquished.

Notes
Turn   | Place    | Note
-------+----------+-------------------------------------------
     0 | D:1      | pkoi the Draconian Air Elementalist began the quest for the
                  | Orb.
     0 | D:1      | Reached XP level 1. HP: 14/14 MP: 3/3
   148 | D:1      | Reached XP level 2. HP: 20/20 MP: 3/5
   594 | D:1      | Found Difu's General Store.
  1023 | D:1      | Reached XP level 3. HP: 26/26 MP: 4/6
  2234 | D:3      | Reached XP level 4. HP: 32/33 MP: 1/7
  2326 | D:3      | Reached skill level 1 in Evocations
  2348 | D:3      | Reached skill level 1 in Staves
  2657 | D:2      | Learned a level 3 spell: Swiftness
  2679 | D:3      | Reached skill level 4 in Air Magic
  2754 | D:3      | Identified a scroll of acquirement
  3217 | D:3      | Reached XP level 5. HP: 38/38 MP: 4/8
  3496 | D:3      | Noticed Terence
  3505 | D:3      | Learned a level 4 spell: Airstrike
  4113 | D:4      | Found Nalup's Magic Scroll Shop.
  4189 | D:4      | Reached XP level 6. HP: 32/45 MP: 6/9
  4370 | D:3      | Identified the +6 flail "Dikasa Lesch" {spect, Will++}
  4861 | D:5      | Entered Level 5 of the Dungeon
  4964 | D:5      | Noticed a two-headed ogre
  4989 | D:5      | Mangled by a two-headed ogre

Illustrated notes

Levels and vault maps discovered:
D:1:      grunt_arrival_crossed_arrows, layout_loops_ring, serial_shops, shop,
          minivault_4
D:2:      layout_rooms, serial_co_window_serial, co_window_corner_a,
          co_window_paths_b, co_window_corner_a, co_window_corner_a,
          co_window_paths_a, co_window_broadway_b, co_window_of_opportunity_b,
          co_window_broadway_c, co_window_of_opportunity_b,
          co_window_broadway_a, minmay_randomly_rotated_circles
D:3:      layout_basic, uniq_terence
D:4:      layout_loops_cross, serial_shops, nicolae_shop_advertising_works
          [nicolae_subvault_shop_adworks]
D:5:      layout_gridville, minmay_temple_entry_offerings, serial_shops,
          nicolae_shop_bloodbath_and_beyond, uniq_eustachio,
          uniq_crazy_yiuf_cottage

Skill      XL: |  1  2  3  4  5  6 |
---------------+-------------------+-----
Conjurations   | 2 3 |  3.9
Dodging        | 2 |  2.7
Evocations     | 1 2 |  2.1
Staves         | 1 2 |  2.0
Air Magic      | 4 |  4.8
Spellcasting   | 3 |  3.0
Stealth        | |  1.7

Action                   |  1- 3 |  4- 6 || total
-------------------------+-------+-------++-------
Melee: Staff             |    31 |    33 ||    64
       Tailslap          |     2 |     6 ||     8
       Punch             |       |     1 ||     1
       Flail             |       |     2 ||     2
 Cast: Shock             |    75 |    81 ||   156
  Use: Scroll            |       |     7 ||     7
Armor: Skin              |    14 |    16 ||    30
Dodge: Dodged            |    36 |    22 ||    58
